 Dungeon Crawl Stone Soup version 0.30-b1-2-g02819fbbbe (webtiles) character file.

Game seed: 13776286890697853881

2055 Flugkiller the Trooper (level 9, -2/92 HPs)
             Began as a Troll Fighter on May 17, 2023.
             Was a Follower of Ru.
             Slain by a sky beast (6 damage)
             ... on level 7 of the Dungeon.
             The game lasted 00:06:08 (4981 turns).

Flugkiller the Trooper (Troll Fighter)              Turns: 4981, Time: 00:06:09

Health: -2/92      AC:  4    Str: 23 (25) XL:     9   Next: 5%
Magic:  8/8        EV:  9    Int:  4 (5)  God:    Ru [*.....]
Gold:   239        SH: 10    Dex: 13 (15) Spells: 8/8 levels left

rFire   + .          .
                       - Unarmed
rCold   . . .        b - +1 kite shield
rNeg    + . .        a - +0 robe
rPois   .            (helmet restricted)
rElec   .            (no cloak)
rCorr   .            (gloves unavailable)
SInv    .            (boots unavailable)
Will    .....        (no amulet)
Stlth   +            p - ring of protection from fire
HPRegen 1.15/turn    x - ring of positive energy
MPRegen 0.11/turn

%: no passive effects
@: lethally poisoned (-2 -> -3), invisible
A: large, unfitting armour, claws 3, regeneration 1, shaggy fur 1, tough skin 1,
unskilled 1, agile 1
a: Renounce Religion


You were on level 7 of the Dungeon.
You worshipped Ru.
Ru was aware of your devotion.
You visited 2 branches of the dungeon, and saw 8 of its levels.

You collected 239 gold pieces.

Inventory:

Missiles
 f - 5 silver javelins (quivered)
 k - 3 javelins
Armour
 a - a +0 robe (worn)
 b - a +1 kite shield (worn)
Jewellery
 p - a ring of protection from fire (left claw)
   (You found it on level 5 of the Dungeon)
 x - a ring of positive energy (right claw)
   (You found it on level 7 of the Dungeon)
Wands
 s - a wand of digging (3)
   (You found it on level 6 of the Dungeon)
Scrolls
 c - a scroll of fog
 j - a scroll of enchant weapon {unknown}
 m - a scroll of amnesia {unknown}
 q - a scroll of enchant armour
 r - a scroll of fear {unknown}
 u - a scroll of poison {unknown}
Potions
 d - 4 potions of might
 g - 2 potions of brilliance
 h - a potion of haste


   Skills:
 * Level 6.5 Fighting
 - Level 2.1 Dodging
 + Level 5.2 Shields
 + Level 6.3 Unarmed Combat


You had 8 spell levels left.
You didn't know any spells.
Your spell library contained the following spells:

 Spells                   Type           Power      Damage    Failure   Level
 Magic Dart               Conj           0%         1d3       75%         1
 Call Imp                 Summ           0%         N/A       87%         2
 Scorch                   Fire           0%         2d5       87%         2
 Mephitic Cloud           Conj/Pois/Air  0%         N/A       98%         3
 Summon Guardian Golem    Hex/Summ       0%         N/A       98%         3
 Animate Armour           Summ/Erth      0%         N/A       100%        4
 Flame Wave               Conj/Fire      0%         2d4       100%        4
 Blade Hands              Tmut           0%         N/A       100%        5
 Iron Shot                Conj/Erth      0%         9d1       100%        6
 Summon Cactus Giant      Summ           0%         N/A       100%        6
 Malign Gateway           Summ/Tloc      0%         N/A       100%        7
 Orb of Destruction       Conj           0%         9d5       100%        7
 Spellforged Servitor     Conj/Summ      0%         N/A       100%        7
 Summon Horrible Things   Summ           0%         N/A       100%        8


Dungeon Overview and Level Annotations

Branches:
Dungeon (7/15) Zot: 26293  Temple (1/1) D:4 Zot: 5876

Altars:
Ashenzari
Dithmenos
Elyvilon
Hepliaklqana
Makhleb
Qazlal
Ru
Trog
Uskayaw
Vehumet
Wu Jian
Zin

Annotations:
D:7 Joseph


Innate Abilities, Weirdness & Mutations

You are too large for most types of armour.
You have claws for hands.
Your natural rate of healing is unusually fast.
You are covered in fur. (AC +1)
You have tough skin. (AC +1)
You are somewhat unskilled. (-1 Apt)
You are agile. (Dex +4, Str/Int -1)


Message History

You feel strangely unstable.
You feel very sick. The killer bee closely misses you.
The killer bee barely misses you.
You scratch the killer bee.
The killer bee is almost dead.
You feel sick. You block the killer bee's attack. The killer bee stings you!
* * * LOW HITPOINT WARNING * * *
Unknown command.
You scratch the killer bee.
You kill the killer bee!
Your surroundings suddenly seem different.
You feel sick.
Unknown command.
You feel sick.
You see here a wyvern skeleton.
You feel sick.
You feel sick.
You feel sick.
You start resting.
You feel sick. x2
You are no longer poisoned.
You start resting.
HP restored.
An orc is nearby!
Okay, then.
The orc shouts!
You see here a +0 whip.
You barely miss the orc. The orc barely misses you.
You claw the orc!
You kill the orc!
You see here a +0 short sword.
No target in view!
Found a +0 dagger.
Found a stone staircase leading down.
Found a dagger.
There is a stone staircase leading down here.
Found a stormy altar of Qazlal.
A water moccasin comes into view.
Joseph, a Mercenary comes into view.
He is wielding a +3 spectral quarterstaff and wearing a +3 leather armour of cold resistance.
Joseph shouts!
You hear a shout! x3
Joseph drinks a potion.
Joseph seems to speed up.
The water moccasin attacks as you move away!
The water moccasin bites you.
You are poisoned.
The water moccasin poisons you!
You feel very sick.
The water moccasin attacks as you move away!
The water moccasin bites you.
You are more poisoned.
The water moccasin poisons you!
You feel very sick.
You completely miss the water moccasin.
You feel very sick. The water moccasin bites you! The water moccasin bites you.
You are more poisoned.
The water moccasin poisons you!
You scratch the water moccasin but do no damage.
You feel extremely sick. The water moccasin bites you.
Okay, then.
It was a potion of cancellation.
You feel magically purged.
You feel very sick. The water moccasin bites you.
You are more poisoned.
The water moccasin poisons you!
Okay, then.
As you read the scroll of teleportation, it crumbles to dust.
You feel strangely unstable.
You feel extremely sick. You block the water moccasin's attack.
The water moccasin closely misses you.
Unknown command.
You feel very sick.
Unknown command.
Your surroundings suddenly seem different.
A sky beast comes into view.
Found a potion of lignification, a scale mail and a dagger.
You feel very sick.
Unknown command.
Found a dagger.
You feel very sick.
You feel very sick.
Okay, then.
Unknown command.
It was a potion of mutation.
You feel extremely strange.
You feel agile.
You feel stronger.
You feel weaker.
You feel sick. Something hits you.
* * * LOW HITPOINT WARNING * * *
Deactivating autopickup; reactivate with Ctrl-A.
Okay, then.
You fade into invisibility!
You feel sick. Something hits you!
* * * LOW HITPOINT WARNING * * *
The sky beast is stunned by your conviction and fails to attack.
Unknown command.
You scratch the sky beast but do no damage.
You feel sick. Something hits you.
* * * LOW HITPOINT WARNING * * *
The sky beast flickers out of sight!
Something hits you.
* * * LOW HITPOINT WARNING * * *
Something shocks you.
You die...

## ..l.. #....# #.
..#... ##.oo ##.
.$.#)..##...#
'.#####)..#...'y....
#...#.....#(..#Fy#..
#...#.....#. #.####
#......... ###
#.{.......
##@.!..... ###..[.)#
######


There were no monsters in sight!

Vanquished Creatures
  A wyvern (D:7)
  A steam dragon (D:6)
  A water moccasin (D:7)
  A sky beast (D:7)
  An ice beast (D:6)
  A black bear (D:6)
  2 ogres
  A phantom (D:4)
  A centaur (D:7)
  A scorpion (D:4)
  A bullfrog (D:6)
  7 killer bees
  2 orc priests (D:5)
  2 hounds
  A sleepcap (D:5)
  Terence (D:3)
  3 iguanas (D:6)
  4 orc wizards
  8 gnolls
  8 adders
  3 shadow imps
  4 white imps
  3 worms (D:2)
  A dart slug (D:2)
  14 orcs
  9 ball pythons
  8 bats
  9 endoplasms
  3 giant cockroaches
  4 goblins
  3 hobgoblins
  4 jackals
  4 quokkas
  2 frilled lizards (D:1)
  5 kobolds
  7 rats
131 creatures vanquished.

Vanquished Creatures (others)
  A plant (D:1)
1 creature vanquished.

Grand Total: 132 creatures vanquished

Notes
Turn   | Place    | Note
-------+----------+-------------------------------------------
     0 | D:1      | Flugkiller the Troll Fighter began the quest for the Orb.
     0 | D:1      | Reached XP level 1. HP: 22/22 MP: 0/0
    93 | D:1      | Reached XP level 2. HP: 29/29 MP: 1/1
   714 | D:2      | Reached XP level 3. HP: 36/36 MP: 2/2
   984 | D:2      | Reached XP level 4. HP: 44/44 MP: 3/3
  1480 | D:3      | Noticed Terence
  1491 | D:3      | Killed Terence
  2050 | D:4      | Noticed a phantom
  2067 | D:4      | Killed a phantom
  2068 | D:4      | Reached XP level 5. HP: 46/53 MP: 4/4
  2116 | D:4      | Found a staircase to the Ecumenical Temple.
  2127 | Temple   | Entered the Ecumenical Temple
  2196 | Temple   | Became a worshipper of Ru the Awakened
  2293 | D:4      | Reached XP level 6. HP: 45/62 MP: 5/5
  2735 | D:5      | Entered Level 5 of the Dungeon
  2791 | D:5      | Reached skill level 5 in Unarmed Combat
  3164 | D:5      | Reached XP level 7. HP: 71/71 MP: 6/6
  3356 | D:6      | Gained mutation: You are somewhat unskilled. (-1 Apt) [Ru
                  | sacrifice]
  3356 | D:6      | Reached * piety under Ru
  3381 | D:6      | Found a shadowy altar of Dithmenos.
  3395 | D:6      | Found a hide-covered altar of Uskayaw.
  3396 | D:6      | Found a glowing silver altar of Zin.
  3397 | D:6      | Found a bloodstained altar of Trog.
  3398 | D:6      | Found a broken altar of Ashenzari.
  3398 | D:6      | Noticed a steam dragon
  3414 | D:6      | Killed a steam dragon
  3415 | D:6      | Reached skill level 5 in Unarmed Combat
  3616 | D:6      | Reached skill level 5 in Fighting
  3754 | D:6      | Reached XP level 8. HP: 74/80 MP: 7/7
  4653 | D:7      | Reached skill level 5 in Shields
  4725 | D:7      | Reached XP level 9. HP: 64/92 MP: 8/8
  4955 | D:7      | Found a stormy altar of Qazlal.
  4966 | D:7      | Noticed Joseph
  4979 | D:7      | Gained mutation: You are agile. (Dex +4, Str/Int -1)
                  | [potion of mutation]
  4979 | D:7      | Gained mutation: Your muscles are strong. (Str +4, Int/Dex
                  | -1) [potion of mutation]
  4979 | D:7      | Lost mutation: Your muscles are strong. (Str +4, Int/Dex
                  | -1) [potion of mutation]
  4981 | D:7      | HP: 4/92 [something (2)]
  4981 | D:7      | Slain by a sky beast

Illustrated notes

Levels and vault maps discovered:
D:1:      heliophobic_arrival_enchanted_forest, layout_loops_ring,
          serial_bayou_lagoon_a
D:2:      layout_basic, corexii_hall_statues_l
D:3:      layout_basic, uniq_terence
D:4:      layout_loops_ring, minmay_temple_entry_drinking_statues
D:5:      layout_rooms
D:6:      layout_basic, grunt_temple_overflow_open
D:7:      layout_cave_pools, tso_metal_star,
          chequers_temple_overflow_statue_of_worship, grunt_potential,
          uniq_joseph
Temple:   hellmonk_temple_beads

Skill      XL: |  1  2  3  4  5  6  7  8 |
---------------+-------------------------+-----
Unarmed Combat | 3 4 5 5 6 |  6.3
Fighting       | 3 4 5 6 |  6.5
Shields        | 3 4 5 |  5.2
Dodging        | |  2.1

Action                     |  1- 3 |  4- 6 |  7- 9 || total
---------------------------+-------+-------+-------++-------
  Melee: Unarmed           |    99 |   136 |   182 ||   417
 Invoke: Sacrifice Skill   |       |       |     1 ||     1
    Use: Scroll            |       |     6 |     3 ||     9
         Potion            |       |       |    12 ||    12
   Stab: Sleeping          |     1 |     1 |       ||     2
         Invisible         |       |       |     2 ||     2
 Armour: Robe              |    27 |    34 |    38 ||    99
         Skin              |       |       |     6 ||     6
  Dodge: Dodged            |    26 |    33 |    80 ||   139
  Block: Kite shield       |    33 |    41 |   105 ||   179
